 Dungeon Crawl Stone Soup version 0.26-a0-969-g2c58977ddd (webtiles) character file.

Game seed: 5413635517401538977

42 PentaManta the Cudgeller (level 3, -10/23 HPs)
             Began as a Gargoyle Monk on Dec 4, 2020.
             Killed by divine providence
             ... invoked by an orc priest
              (12 damage)
             ... on level 2 of the Dungeon.
             The game lasted 00:03:52 (2099 turns).

PentaManta the Cudgeller (Gargoyle Monk)            Turns: 2099, Time: 00:03:55

Health: -10/23     AC:  7    Str: 15    XL:     3   Next: 56%
Magic:  3/3        EV: 12    Int: 10    God:
Gold:   65         SH:  0    Dex: 12    Spells: 2/2 levels left

rFire    . . .     SeeInvis .   a - +0 mace
rCold    . . .     Faith    .   (no shield)
rNeg     + + .     Spirit   .   n - +0 leather armour
rPois    ∞         Reflect  .   (no helmet)
rElec    +         Harm     .   (no cloak)
rCorr    .         Rampage  .   p - +0 pair of gloves
MR       .....                  (no boots)
Stlth    ++........             (no amulet)
HPRegen  0.07/turn              c - ring of positive energy
MPRegen  0.08/turn              r - ring of flight

@: no status effects
A: negative energy resistance 1, electricity resistance, unbreathing,
petrification resistance, rot immunity, AC +3
a: Evoke Flight


You were on level 2 of the Dungeon.
You visited 1 branch of the dungeon, and saw 3 of its levels.

You collected 65 gold pieces.

Inventory:

Hand Weapons
 a - a +0 mace (weapon)
 g - a +0 dagger
Armour
 b - a +0 robe
 n - a +0 leather armour (worn)
 p - a +0 pair of gloves (worn)
Jewellery
 c - a ring of positive energy (left hand)
 r - a ring of flight (right hand)
Scrolls
 e - a scroll of amnesia {unknown}
 i - 2 scrolls of fog {unknown}
 j - 2 scrolls of identify {unknown}
 k - a scroll of remove curse {unknown}
 l - a scroll of noise {unknown}
 m - a scroll of enchant weapon {unknown}
 q - a scroll of random uselessness {unknown}
Potions
 d - a potion of brilliance {unknown}
 f - a potion of lignification {unknown}
 h - a potion of berserk rage {unknown}
 o - a potion of heal wounds


   Skills:
 - Level 3.2 Fighting
 + Level 4.5 Maces & Flails
 - Level 2.4 Dodging
 - Level 2.1 Stealth


You had 2 spell levels left.
You didn't know any spells.
Your spell library was empty.

Dungeon Overview and Level Annotations

Branches:
Dungeon (3/15)

Altars:


Innate Abilities, Weirdness & Mutations

You are resistant to torment.
Your stone body is resilient. (AC +3)
You are immune to poison.
You resist negative energy. (rN+)
You are resistant to electric shocks. (rElec)
You can survive without breathing.
You are immune to petrification.
You are immune to rotting.


Message History

You closely miss the orc priest.
The orc priest is moderately wounded.
The frilled lizard bites you but does no damage.
The orc priest hits you but does no damage.
You hit the orc priest.
The orc priest is heavily wounded.
The frilled lizard bites you but does no damage.
The orc priest hits you with a +0 dagger.
* * * LOW HITPOINT WARNING * * *
You closely miss the orc priest.
The orc priest is heavily wounded.
The frilled lizard bites you but does no damage.
The orc priest barely misses you.
You hit the orc priest.
The orc priest is severely wounded.
The frilled lizard completely misses you.
The orc priest mumbles some strange prayers to Beogh against you.
Beogh smites you!
Ouch! That really hurt!
You die...

#....... .. #..# #.######
#. #..#..# #.# #..#..#<.#
##.## #..#..#^.# #...#
#........#### #...#####
........ ..# #...#....
#..#o###.####...#.###
#.##...@l##..........#
....?................#
#.###.#?.##..........#
#.###.......####...#.###
#........####...........
#######..# #.........#.
##.## #.## #.......<...
##...## #.#######.......#.
##.(.>.###..).(..#....#..#.


You could see an orc priest (strong) and a frilled lizard.

Vanquished Creatures
  A worm (D:2)
  A dart slug (D:2)
  2 orcs (D:2)
  2 bats
  2 giant cockroaches (D:1)
  6 goblins
  2 hobgoblins
  9 kobolds
  A quokka (D:2)
  2 ball pythons (D:1)
  A frilled lizard (D:1)
  5 rats (D:1)
34 creatures vanquished.

Notes
Turn   | Place    | Note
-------+----------+-------------------------------------------
     0 | D:1      | PentaManta the Gargoyle Monk began the quest for the Orb.
     0 | D:1      | Reached XP level 1. HP: 14/14 MP: 1/1
   120 | D:1      | Reached XP level 2. HP: 19/19 MP: 2/2
   696 | D:2      | Reached skill level 4 in Maces & Flails
   891 | D:2      | Reached XP level 3. HP: 16/23 MP: 3/3
  2099 | D:2      | Killed from afar by an orc priest

Illustrated notes

Levels and vault maps discovered:
D:1:      onia_arrival_handbag, layout_rooms, minmay_misc_feat_five
D:2:      layout_loops_cross, minmay_heptomino_l4
D:3:      layout_basic

Skill      XL: |  1  2 |
---------------+-------+-----
Maces & Flails | 4 |  4.5
Fighting       | |  3.2
Dodging        | |  2.4
Stealth        | |  2.1

Action                   || total
-------------------------++-------
Melee: Mace              ||    43
       Dagger            ||   121
  Use: Potion            ||     1
 Stab: Sleeping          ||     5
Armor: Robe              ||    28
       Leather armour    ||    23
Dodge: Dodged            ||    77

Table legend: (Time is in decaauts)
 A = Elapsed time spent in this place.
 B = Non-inter-level travel time spent in this place.
 C = Inter-level travel time spent in this place.
 D = Time resting spent in this place.
 E = Time spent auto-exploring this place.
 F = Levels seen in this place.
 G = Mean time per level.
                   A        B        C        D        E       F      G
               +--------+--------+--------+--------+--------+-----+--------+
         Total |   2105 |   2088 |     17 |    789 |    853 |   3 |  701.7 |
       Dungeon |   2105 |   2088 |     17 |    789 |    853 |   3 |  701.7 |
               +--------+--------+--------+--------+--------+-----+--------+

Top non-repeatable levels by time:
     D:2: 1121 daAuts
     D:1: 659 daAuts
     D:3: 324 daAuts
